 Dungeon Crawl Stone Soup version 0.31-a0-984-gbfb7dba898 (webtiles) character file.

Game seed: 2890131961447490746

7016 BinkBink the Covert (level 10, -9/53 HPs)
             Began as a Spriggan Shapeshifter on Nov 3, 2023.
             Was the Champion of Jiyva.
             Mangled by Fannar
             ... wielding a staff of cold
              (32 damage)
             ... on level 10 of the Dungeon.
             The game lasted 00:22:16 (9689 turns).

BinkBink the Covert (Spriggan Shapeshifter)         Turns: 9689, Time: 00:22:17

Health: -9/53      AC: 11    Str: 13    XL:     10   Next: 82%
Magic:  11/11      EV: 23    Int: 15    God:    Jiyva [******]
Gold:   303        SH:  5    Dex: 15    Spells: 9/9 levels left

rFire   . .          .
                       - Unarmed
rCold   . . .        (no shield)
rNeg    . . .        a - +0 animal skin
rPois   .            (helmet currently unavailable)
rElec   .            (cloak currently unavailable)
rCorr   +            (gloves unavailable)
SInv    +            (boots unavailable)
Will    +....        n - amulet of reflection
Stlth   +++++        o - ring of flight
HPRegen 1.88/turn    z - +4 ring of protection
MPRegen 0.62/turn

%: reflection
@: beast-form, flying, very quick
A: beast (slay +4), very small, no large weapons, unfitting armour, see
invisible, speed 3, iridescent scales 3, clever 1, pseudopods 1, jelly absorbing
missiles, noise suppression
a: Begin Untransformation, Renounce Religion, Oozemancy, Slimify


You were on level 10 of the Dungeon.
You worshipped Jiyva.
Jiyva was exalted by your worship.
You were a hulking beast.
You visited 1 branch of the dungeon, and saw 10 of its levels.
You also visited: Sewer.

You collected 359 gold pieces.
You spent 56 gold pieces at shops.

Inventory:

Armour
 a - a +0 animal skin (worn)
Jewellery
 n - an amulet of reflection (around neck)
 o - a ring of flight (left hand)
 z - a +4 ring of protection (right hand)
Talismans
 c - a beast talisman (active)
 d - a flux talisman
 w - a serpent talisman
Wands
 s - a wand of digging (6)
 y - a wand of mindburst (8)
Scrolls
 f - a scroll of noise {unknown}
 g - 2 scrolls of amnesia
 h - 6 scrolls of teleportation
 j - a scroll of poison
 m - 2 scrolls of fog
 q - 3 scrolls of enchant armour
 u - 3 scrolls of revelation
 B - a scroll of identify
Potions
 b - 3 potions of lignification
 e - 2 potions of magic
 i - 3 potions of invisibility
 k - 5 potions of heal wounds
 l - a potion of mutation
 p - 3 potions of haste
 r - 4 potions of curing
 t - 3 potions of might {unknown}
 v - a potion of berserk rage {unknown}
 x - a potion of degeneration {unknown}
 A - a potion of attraction {unknown}


   Skills:
 + Level 6.2 Fighting
 + Level 10.2 Dodging
 + Level 11.5 Stealth
 + Level 6.7 Unarmed Combat
 + Level 9.8 Shapeshifting


You had 9 spell levels left.
You didn't know any spells.
Your spell library contained the following spells:

 Spells                   Type           Power      Damage    Failure   Level
 Freeze                   Ice            0%         1d3       26%         1
 Sublimation of Blood     Necr           0%         N/A       38%         2
 Wereblood                Tmut           0%         N/A       38%         2
 Frozen Ramparts          Ice            0%         1d1       63%         3
 Hailstorm                Conj/Ice       0%         3d3       63%         3
 Summon Guardian Golem    Hex/Summ       0%         N/A       63%         3
 Orb of Destruction       Conj           0%         9d5       100%        7
 Spellforged Servitor     Conj/Summ      0%         N/A       100%        7
 Summon Hydra             Summ           0%         N/A       100%        7


Dungeon Overview and Level Annotations

Branches:
Dungeon (10/15)            Temple (0/1) D:4            Lair (0/5) D:10
    Orc (0/2) D:9           Sewer (visited)

Altars:
Fedhas
Makhleb
Nemelex Xobeh
Uskayaw
Xom

Shops:
D:7 ?

Annotations:
D:9 2 transporters
D:10 Fannar


Innate Abilities, Weirdness & Mutations

You are a hulking beast.
Your limbs bulge with bestial killing power. (Slay +4)
You are very small and have problems with some larger weapons.
You are too small for most types of armour.
You have supernaturally acute eyesight. (SInv)
You cover ground extremely quickly. (Speed+++)
You are completely covered in iridescent scales. (AC +6)
Your mind is acute. (Int +4, Str/Dex -1)
Armour fits poorly on your pseudopods.
You have a small jelly attached to you that may absorb projectiles.
You passively dampen the noise of your surroundings.


Message History

The wyvern closely misses you.
You completely miss the wyvern. You bludgeon the wyvern.
The wyvern is almost dead.
The wyvern closely misses you. The wyvern misses you.
You barely miss the wyvern.
The wyvern is almost dead.
The wyvern closely misses you.
You punch the wyvern!
You kill the wyvern!
No target in view!
No target in view!
Fannar the Cold-Hearted comes into view.
They are wielding a staff of cold and wearing a +1 robe of cold resistance.
Fannar is nearby!
Fannar is nearby!
Found a staircase to the Lair.
You hear a distant slurping noise.
The helpless Fannar fails to defend themself.
You punch Fannar! You bludgeon Fannar, but do no damage.
Fannar is lightly wounded.
Fannar hits you with a staff of cold. Fannar freezes you.
You closely miss Fannar. Your bludgeon misses Fannar.
Fannar is lightly wounded.
Fannar hits you but does no damage. Fannar freezes you!
You barely miss Fannar. Your bludgeon misses Fannar.
Fannar is lightly wounded.
Fannar casts a spell.
You punch Fannar! Your punch misses Fannar.
You bludgeon Fannar, but do no damage.
Fannar is moderately wounded.
Fannar mumbles some strange words.
Fannar drains the heat from the surrounding environment!
You shudder from the blow and a jelly pops out!
You swap places.
Your acid blob hits Fannar!
Fannar is splashed with acid.
The acid corrodes Fannar!
Fannar barely misses your acid blob.
Your acid blob closely misses Fannar.
Fannar mumbles some strange words.
Fannar drains the heat from the surrounding environment!
Ouch! That really hurt!
You die...

#.# #.# #.# ###.#
#.# #.# ....#
####.# #.# #####
#....# #Y# #.####
#e# #.# #J# #.# #.#
#######.#########.#
................h.#
#######.###########
#.# #.# #######.#
........# #########


You could see Fannar (corroded, ally target), an ice beast (summoned) and a
friendly acid blob (summoned).

Vanquished Creatures
  Grinder (D:3)
  3 wyverns
  A yak (D:8)
  Edmund (D:5)
  Duvessa (D:5)
  An acid dragon (D:9)
  A water moccasin (D:6)
  3 sky beasts
  3 ice beasts
  3 orc warriors
  A black bear (D:6)
  3 centaurs
  A bullfrog (D:8)
  Blork the orc (D:6)
  3 scorpions
  6 wights
  16 killer bees
  2 howler monkeys (D:4)
  2 crimson imps (D:6)
  A jelly (Sewer)
  4 hounds
  2 orc priests (D:9)
  An iguana (D:6)
  2 sleepcaps
  6 orc wizards
  7 gnolls
  2 river rats
  4 adders
  2 ufetubi (D:5)
  5 worms
  A dart slug (D:1)
  26 orcs
  13 endoplasms
  6 giant cockroaches
  7 goblins
  9 hobgoblins
  A jackal (D:3)
  4 kobolds (D:1)
  4 quokkas (D:1)
  14 ball pythons
  4 bats
  4 frilled lizards
  4 rats
186 creatures vanquished.

Vanquished Creatures (collateral kills)
  Pikel (D:8)
  A hornet (D:9)
  11 yaks
  A steam dragon (D:9)
  2 orc warriors (D:9)
  2 killer bees (D:10)
  A gnoll bouda (D:9)
  An orc priest (D:9)
  2 gnolls (D:9)
  4 orcs (D:9)
26 creatures vanquished.

Vanquished Creatures (others)
  Sigmund (D:4)
  Eustachio (D:5)
  A scorpion (D:4)
  Dowan (D:5)
  A wight (D:8)
  A killer bee (D:9)
  A howler monkey (D:8)
  2 crimson imps (D:6)
  10 jellies
  A sleepcap (D:7)
  An orc wizard (D:7)
  2 orcs
  2 endoplasms (D:4)
  3 jackals (D:3)
28 creatures vanquished.

Grand Total: 240 creatures vanquished

Notes
Turn   | Place    | Note
-------+----------+-------------------------------------------
     0 | D:1      | BinkBink the Spriggan Shapeshifter began the quest for the
                  | Orb.
     0 | D:1      | Reached XP level 1. HP: 9/9 MP: 2/2
   115 | D:1      | Reached skill level 1 in Fighting
   136 | D:1      | Reached XP level 2. HP: 14/14 MP: 3/3
   143 | D:1      | Reached skill level 1 in Stealth
   469 | D:1      | Reached XP level 3. HP: 17/18 MP: 4/4
   879 | D:2      | Reached skill level 2 in Stealth
  1248 | D:3      | Noticed Grinder
  1266 | D:3      | Found a faded altar of an unknown god.
  1481 | D:4      | Noticed a scorpion
  1538 | D:4      | Reached XP level 4. HP: 22/22 MP: 5/5
  1579 | D:4      | Reached skill level 3 in Stealth
  1579 | D:4      | Reached XP level 5. HP: 23/26 MP: 6/6
  1647 | D:4      | Noticed Sigmund
  1737 | D:4      | Found a glowing drain.
  1741 | Sewer    | Entered a sewer
  1880 | Sewer    | Reached skill level 5 in Shapeshifting
  2010 | Sewer    | Found a viscous altar of Jiyva.
  2040 | Sewer    | Became a worshipper of Jiyva Jaak the Shapeless
  2594 | D:3      | Reached * piety under Jiyva
  2698 | D:2      | Reached XP level 6. HP: 30/30 MP: 7/7
  2870 | D:2      | Reached skill level 4 in Stealth
  3149 | D:3      | Killed Grinder
  3423 | D:4      | Found a staircase to the Ecumenical Temple.
  3476 | D:4      | Reached skill level 5 in Dodging
  3655 | D:4      | Reached ** piety under Jiyva
  3892 | D:5      | Entered Level 5 of the Dungeon
  3907 | D:5      | Reached skill level 5 in Stealth
  3907 | D:5      | Reached XP level 7. HP: 35/35 MP: 8/8
  4054 | D:5      | Noticed Edmund
  4146 | D:5      | Killed Edmund
  4189 | D:5      | Noticed Eustachio
  4221 | D:5      | Killed Eustachio
  4469 | D:5      | Noticed Dowan
  4725 | D:5      | Reached *** piety under Jiyva
  4765 | D:5      | Noticed Duvessa
  4883 | D:6      | Gained mutation: Armour fits poorly on your pseudopods.
                  | [Jiyva's grace]
  4883 | D:6      | Gained mutation: Armour fits poorly on your large
                  | pseudopods. [Jiyva's grace]
  4883 | D:6      | Gained mutation: Armour fits poorly on your massive
                  | pseudopods. [Jiyva's grace]
  4883 | D:6      | Gained mutation: You are agile. (Dex +4, Str/Int -1)
                  | [Jiyva's grace]
  4883 | D:6      | Noticed Blork the orc
  4890 | D:6      | Killed Blork the orc
  4960 | D:6      | Reached skill level 6 in Stealth
  4963 | D:6      | Reached XP level 8. HP: 40/40 MP: 9/9
  5028 | D:6      | Found a shimmering altar of Xom.
  5175 | D:6      | Reached **** piety under Jiyva
  5788 | D:7      | Reached skill level 7 in Stealth
  6046 | D:7      | Found Pirith's Magic Scroll Shoppe.
  6049 | D:7      | Bought a scroll of identify for 28 gold pieces
  6049 | D:7      | Bought a scroll of identify for 28 gold pieces
  6222 | D:5      | Killed Duvessa
  6223 | D:5      | Reached skill level 8 in Stealth
  6223 | D:5      | Reached skill level 5 in Unarmed Combat
  6223 | D:5      | Reached XP level 9. HP: 45/46 MP: 10/10
  6281 | D:5      | Killed Dowan
  6970 | D:4      | Killed Sigmund
  7264 | D:8      | Found a sparkling altar of Nemelex Xobeh.
  7318 | D:8      | Found a blossoming altar of Fedhas.
  7318 | D:8      | Found a hide-covered altar of Uskayaw.
  7418 | D:8      | Reached ***** piety under Jiyva
  7558 | D:8      | Noticed Pikel
  7569 | D:8      | Killed Pikel
  7570 | D:8      | Reached skill level 5 in Fighting
  7570 | D:8      | Reached skill level 9 in Stealth
  7687 | D:8      | Reached XP level 10. HP: 51/51 MP: 11/11
  7699 | D:8      | Reached skill level 10 in Stealth
  7721 | D:8      | Lost mutation: You are agile. (Dex +4, Str/Int -1) [Jiyva's
                  | grace]
  7721 | D:8      | Lost mutation: Armour fits poorly on your massive
                  | pseudopods. [Jiyva's grace]
  7721 | D:8      | Gained mutation: You have a small jelly attached to you
                  | that may absorb projectiles. [Jiyva's grace]
  7721 | D:8      | Gained mutation: You have hidden genetic potential.
                  | [Jiyva's grace]
  7721 | D:8      | Gained mutation: You have great hidden genetic potential.
                  | [Jiyva's grace]
  7721 | D:8      | Gained mutation: Your mind is acute. (Int +4, Str/Dex -1)
                  | [Jiyva's grace]
  7840 | D:8      | Found a burning altar of Makhleb.
  8099 | D:9      | Paralysed by a hornet for 3 turns
  8405 | D:9      | Found a staircase to the Orcish Mines.
  8535 | D:9      | Found a transporter.
  8556 | D:9      | Noticed an orc high priest
  8558 | D:9      | Found a transporter.
  8687 | D:9      | Noticed an orc sorcerer
  9019 | D:10     | Entered Level 10 of the Dungeon
  9094 | D:10     | Reached skill level 11 in Stealth
  9099 | D:10     | Reached skill level 10 in Dodging
  9164 | D:10     | Lost mutation: Armour fits poorly on your large pseudopods.
                  | [Jiyva's grace]
  9164 | D:10     | Lost mutation: You have great hidden genetic potential.
                  | [Jiyva's grace]
  9164 | D:10     | Lost mutation: You have hidden genetic potential. [Jiyva's
                  | grace]
  9164 | D:10     | Gained mutation: You are partially covered in iridescent
                  | scales. (AC +2) [Jiyva's grace]
  9164 | D:10     | Gained mutation: You are mostly covered in iridescent
                  | scales. (AC +4) [Jiyva's grace]
  9164 | D:10     | Gained mutation: You are completely covered in iridescent
                  | scales. (AC +6) [Jiyva's grace]
  9164 | D:10     | Gained mutation: You passively dampen the noise of your
                  | surroundings. [Jiyva's grace]
  9406 | D:10     | Reached ****** piety under Jiyva
  9585 | D:10     | Noticed Fannar
  9604 | D:10     | Found a staircase to the Lair.
  9689 | D:10     | Mangled by Fannar

Illustrated notes

Levels and vault maps discovered:
D:1:      minmay_arrival_radiant_lines, layout_rooms, minmay_quantized
D:2:      layout_loops_ring, minivault_19
D:3:      layout_basic, shapermc_ecumenical_altar_gd, uniq_grinder
D:4:      layout_loops_corners, minmay_temple_entry_glassed_door,
          gup_sewer_entry_bowl, item_on_display_a, uniq_sigmund
D:5:      layout_basic, uniq_eustachio, uniq_edmund, uniq_duvessa
D:6:      layout_basic, led_xom_imps, minmay_crystal_room,
          kennysheep_cross_room, uniq_blork_the_orc
D:7:      layout_basic, serial_shops, nicolae_shop_rolled_up
D:8:      layout_basic, nicolae_overflow_crystal_walls,
          gammafunk_temple_overflow_forgotten, uniq_pikel
D:9:      gammafunk_wand_slinger, layout_loops_ring,
          minmay_orc_entry_temple_small, serial_bayou_pond_c
D:10:     layout_loops_ring, lair_entry_dummy, uniq_fannar

Skill      XL: |  1  2  3  4  5  6  7  8  9 10 |
---------------+-------------------------------+-----
Fighting       | 1 2 3 4 5 6 |  6.2
Stealth        | 1 2 3 5 6 8 9 11 | 11.5
Dodging        | 3 4 5 6 7 8 10 | 10.2
Unarmed Combat | 3 4 5 6 |  6.7
Shapeshifting  | 5 6 7 8 9 |  9.8

Action                     |  1- 3 |  4- 6 |  7- 9 | 10-12 || total
---------------------------+-------+-------+-------+-------++-------
  Melee: Unarmed           |   125 |   192 |   246 |   208 ||   771
         Punch             |     2 |     2 |    12 |     6 ||    22
         Pseudopods        |       |       |    64 |    43 ||   107
    Use: Scroll            |       |    11 |     3 |       ||    14
   Stab: Sleeping          |     6 |     5 |    10 |     4 ||    25
 Armour: Animal skin       |    28 |    32 |    58 |    56 ||   174
  Dodge: Dodged            |    91 |   116 |   162 |   153 ||   522
  Block: Other             |     1 |    24 |    47 |    41 ||   113
         Reflection        |       |       |     1 |       ||     1
   Form: Beast             |     1 |       |       |       ||     1

Table legend: (Time is in decaauts)
 A = Elapsed time spent in this place.
 B = Non-inter-level travel time spent in this place.
 C = Inter-level travel time spent in this place.
 D = Time resting spent in this place.
 E = Time spent auto-exploring this place.
 F = Levels seen in this place.
 G = Mean time per level.
                   A        B        C        D        E       F      G
               +--------+--------+--------+--------+--------+-----+--------+
         Total |   6630 |   5986 |    644 |    847 |   2936 |  11 |  602.7 |
       Dungeon |   6361 |   5717 |    644 |    827 |   2826 |  10 |  636.1 |
         Sewer |    268 |    268 |      0 |     19 |    110 |   1 |  268.0 |
               +--------+--------+--------+--------+--------+-----+--------+

Top non-repeatable levels by time:
     D:4: 1069 daAuts
     D:5: 813 daAuts
     D:3: 743 daAuts
     D:8: 682 daAuts
     D:9: 676 daAuts
     D:6: 647 daAuts
     D:2: 518 daAuts
     D:1: 464 daAuts
    D:10: 439 daAuts
     D:7: 308 daAuts
   Sewer: 268 daAuts
